 Dungeon Crawl Stone Soup version 0.30.1 (webtiles) character file.

Game seed: 12723402373423715509

16 coolio the Digger (level 2, 0/24 HPs)
             Began as an Ogre Earth Elementalist on July 7, 2023.
             Slain by a gnoll
             ... wielding a +0 whip
              (5 damage)
             ... on level 1 of the Dungeon.
             The game lasted 00:00:55 (533 turns).

coolio the Digger (Ogre Earth Elementalist)          Turns: 533, Time: 00:00:56

Health: 0/24       AC:  3    Str: 11    XL:     2   Next: 54%
Magic:  0/5        EV:  9    Int: 16    God:
Gold:   5          SH:  0    Dex:  9    Spells: 5/6 levels left

rFire   . . .        (no weapon)
rCold   . . .        (no shield)
rNeg    . . .        a - +0 robe
rPois   .            (helmet restricted)
rElec   .            (no cloak)
rCorr   .            (gloves unavailable)
SInv    .            (boots unavailable)
Will    .....        (no amulet)
Stlth   +            (no ring)
HPRegen 0.24/turn    (no ring)
MPRegen 0.09/turn

%: no passive effects
@: very slightly contaminated
A: large, unfitting armour, tough skin 1
a: no special abilities


You were on level 1 of the Dungeon.
You visited 1 branch of the dungeon, and saw 1 of its levels.

You collected 5 gold pieces.

Inventory:

Armour
 a - a +0 robe (worn)
Scrolls
 d - a scroll of fog {unknown}
 f - 2 scrolls of vulnerability {unknown}
Potions
 b - a potion of magic
 c - 2 potions of degeneration {unknown}
 e - a potion of heal wounds {unknown}
 g - 2 potions of curing {unknown}
 h - a potion of might {unknown}


   Skills:
 - Level 1.7 Dodging
 - Level 1.4 Stealth
 + Level 2.7 Spellcasting
 + Level 1.2 Transmutations
 * Level 3.1 Earth Magic


You had 5 spell levels left.
You knew the following spells:

 Your Spells              Type           Power      Damage    Failure   Level
a - Sandblast             Erth           24%        2d8       5%          1

Your spell library contained the following spells:

 Spells                   Type           Power      Damage    Failure   Level
 Passwall                 Tmut/Erth      7%         N/A       12%         2
 Shock                    Conj/Air       8%         1d3       19%         1
 Stone Arrow              Conj/Erth      14%        3d7       30%         3
 Swiftness                Air            2%         N/A       50%         3
 Petrify                  Tmut/Erth      9%         N/A       61%         4
 Airstrike                Air            1%         2d(1-17)  88%         4


Dungeon Overview and Level Annotations

Branches:
Dungeon (1/15)

Altars:


Innate Abilities, Weirdness & Mutations

You are too large for most types of armour.
You have tough skin. (AC +1)


Message History

You are out of magic!
You are out of magic!
You are out of magic!
A gnoll comes into view. It is wielding a +0 whip.
A gnoll is nearby!
A gnoll is nearby!
Found 5 gold pieces.
The blast of sand misses the gnoll.
The gnoll hits you with a +0 whip. x2
The blast of sand hits the gnoll.
The gnoll is lightly wounded.
The gnoll hits you with a +0 whip.
You are too injured to fight recklessly!
You are too injured to fight recklessly!
You are too injured to fight recklessly!
Casting: Sandblast (safe; 5% risk of failure)
Confirm with . or Enter, or press ? or * to list all spells.
Aiming: Sandblast (safe; 5% risk of failure)
Press: ? - help, Shift-Dir - straight line, f/p - gnoll
Aim: a gnoll, wielding a +0 whip (lightly wounded, 84% to hit)
The blast of sand hits the gnoll!
The gnoll is severely wounded.
The gnoll hits you with a +0 whip. The gnoll closely misses you.
Casting: Sandblast (safe; 5% risk of failure)
Confirm with . or Enter, or press ? or * to list all spells.
Aiming: Sandblast (safe; 5% risk of failure)
Press: ? - help, Shift-Dir - straight line, f/p - gnoll
Aim: a gnoll, wielding a +0 whip (severely wounded, 84% to hit)
You miscast Sandblast.
You are very lightly contaminated with residual magic.
Nothing appears to happen.
The gnoll hits you with a +0 whip.
* * * LOW HITPOINT WARNING * * *
Casting: Sandblast (safe; 5% risk of failure)
Confirm with . or Enter, or press ? or * to list all spells.
Aiming: Sandblast (safe; 5% risk of failure)
Press: ? - help, Shift-Dir - straight line, f/p - gnoll
Aim: a gnoll, wielding a +0 whip (severely wounded, 84% to hit)
The blast of sand hits the gnoll.
The gnoll is severely wounded.
The gnoll hits you with a +0 whip.
You die...

......# #.....#
#.......# #.....#
#.......# #....(#
###.......#
#.....####..........#
###........##....>..#
#..########.......#
###..# #..g..$.#
.....# #####@###
###..# #.......#
.....# #.......#
###..# #.......# #.)#
#.......# #..#####
#.......#
###......###.......#
......(.....#.######
##..###..####.#


You could see a gnoll.

Vanquished Creatures
  A dart slug (D:1)
  2 endoplasms (D:1)
  2 giant cockroaches (D:1)
  A hobgoblin (D:1)
  2 kobolds (D:1)
  A quokka (D:1)
  2 bats (D:1)
  A frilled lizard (D:1)
12 creatures vanquished.

Notes
Turn   | Place    | Note
-------+----------+-------------------------------------------
     0 | D:1      | coolio the Ogre Earth Elementalist began the quest for the
                  | Orb.
     0 | D:1      | Reached XP level 1. HP: 16/16 MP: 3/3
    83 | D:1      | Reached skill level 1 in Transmutations
   205 | D:1      | Reached skill level 3 in Earth Magic
   205 | D:1      | Reached XP level 2. HP: 22/24 MP: 1/5
   356 | D:1      | Found a faded altar of an unknown god.
   381 | D:1      | Found a faded altar of an unknown god.
   533 | D:1      | Slain by a gnoll

Illustrated notes

Levels and vault maps discovered:
D:1:      dpeg_arrival_snail, layout_rooms,
          hellmonk_ecumenical_altar_the_god_not_taken

Skill      XL: |  1 |
---------------+----+-----
Transmutations | 1 |  1.2
Earth Magic    | 3 |  3.1
Dodging        | |  1.7
Stealth        | |  1.4
Spellcasting   | |  2.7

Action                     || total
---------------------------++-------
  Melee: Unarmed           ||    32
   Cast: Sandblast         ||    21
 Armour: Robe              ||    16
  Dodge: Dodged            ||    20
